 Dungeon Crawl Stone Soup version 0.26-a0-591-g04f19ec95a (webtiles) character file.

Game seed: 15184269193267910252

23974 GeoCrane the Nimble (level 13, -7/99 HPs)
             Began as a Gnoll Arcane Marksman on Aug 24, 2020.
             Was an Elder of Cheibriados.
             Mangled by a shambling mangrove (15 damage)
             ... on level 3 of the Lair of Beasts.
             The game lasted 01:50:23 (20646 turns).

GeoCrane the Nimble (Gnoll Arcane Marksman)        Turns: 20646, Time: 01:50:24

Health: -7/99      AC: 15    Str: 22    XL:     13   Next: 10%
Magic:  22/25      EV: 22    Int: 29    God:    Cheibriados [****..]
Gold:   1550       SH:  0    Dex: 31    Spells: 12/29 levels left

rFire    . . .     SeeInvis .   b - +7 great sword of Action {freeze, rPois Dex+3}
rCold    . . .     Faith    .   (shield currently unavailable)
rNeg     . . .     Spirit   .   E - +2 ring mail {rPois}
rPois    +         Reflect  .   V - +2 hat
rElec    .         Harm     .   M - +1 cloak
rCorr    .                      U - +1 pair of gloves
MR       .....                  (no boots)
Stlth    ++++......             p - amulet of magic regeneration
HPRegen  0.26/turn              l - +4 ring of slaying
MPRegen  0.44/turn              W - +4 ring of evasion

@: grasped by roots, constricted, very slow
A: distributed training, fangs 1, strong nose
a: Bend Time, Temporal Distortion, Slouch, Renounce Religion


You were on level 3 of the Lair of Beasts.
You worshipped Cheibriados.
Cheibriados was greatly pleased with you.
You visited 4 branches of the dungeon, and saw 16 of its levels.
You also visited: Ossuary.

You collected 1550 gold pieces.

Inventory:

Hand Weapons
 a - a +0 hunting sling
 b - the +7 great sword of Action (weapon) {freeze, rPois Dex+3}
   (You found it on level 7 of the Dungeon)

   It has been specially enchanted to freeze those struck by it, causing extra
   injury to most foes and up to half again as much damage against particularly
   susceptible opponents.
   It can also slow down cold-blooded creatures.
   It affects your dexterity (+3).
   It protects you from poison.
Missiles
 d - 3 sling bullets
 f - 362 stones
 o - 4 atropa-tipped darts (quivered)
 J - 4 throwing nets
 N - 2 silver javelins
 R - 47 poisoned darts
Armour
 e - a +0 helmet
 r - a +0 pair of gloves
 E - a +2 ring mail of poison resistance (worn)
 M - a +1 cloak (worn)
 Q - a +1 pair of gloves
 S - a scarf of shadows
 U - a +1 pair of gloves (worn)
 V - a +2 hat (worn)
Jewellery
 c - an uncursed ring of flight
 l - a +4 ring of slaying (left hand)
 p - an amulet of magic regeneration (around neck)
 v - an uncursed ring of magical power
 W - a +4 ring of evasion (right hand)
Wands
 q - a wand of polymorph (18)
 X - a wand of iceblast (5)
Scrolls
 g - 4 scrolls of amnesia
 h - 8 scrolls of remove curse
 i - 4 scrolls of noise
 j - 3 scrolls of identify
 k - 2 scrolls of magic mapping
 m - 7 scrolls of teleportation {unknown}
 s - a scroll of fear {unknown}
 t - a scroll of enchant armour {unknown}
 x - 2 scrolls of enchant weapon {unknown}
 y - 3 scrolls of blinking
 A - 2 scrolls of vulnerability {unknown}
 C - 8 scrolls of fog {unknown}
 H - 2 scrolls of random uselessness {unknown}
Potions
 n - 5 potions of degeneration {unknown}
 u - 2 potions of curing
 w - 2 potions of berserk rage {unknown}
 z - 2 potions of magic {unknown}
 B - 2 potions of haste {unknown}
 D - 5 potions of heal wounds {unknown}
 F - 2 potions of resistance {unknown}
 G - 3 potions of brilliance {unknown}
 I - 3 potions of flight {unknown}
 K - 2 potions of stabbing {unknown}
 L - 2 potions of mutation {unknown}
 O - a potion of cancellation {unknown}
 P - 2 potions of ambrosia {unknown}
 T - a potion of invisibility {unknown}


   Skills:
 + Level 8.4 Fighting
 + Level 8.0 Short Blades
 + Level 8.0 Long Blades
 + Level 8.0 Axes
 + Level 8.0 Maces & Flails
 + Level 8.0 Polearms
 + Level 8.0 Staves
 + Level 9.2 Slings
 + Level 8.0 Bows
 + Level 8.0 Crossbows
 + Level 8.0 Throwing
 + Level 8.0 Armour
 + Level 9.2 Dodging
 + Level 8.0 Stealth
 + Level 8.0 Shields
 + Level 8.0 Unarmed Combat
 + Level 8.5 Spellcasting
 + Level 6.6 Conjurations
 + Level 8.7 Hexes
 + Level 6.6 Summonings
 + Level 6.6 Necromancy
 + Level 6.6 Translocations
 + Level 6.6 Transmutations
 + Level 6.6 Fire Magic
 + Level 6.6 Ice Magic
 + Level 6.6 Air Magic
 + Level 6.6 Earth Magic
 + Level 6.6 Poison Magic
 + Level 8.7 Invocations
 + Level 8.0 Evocations


You had 12 spell levels left.
You knew the following spells:

 Your Spells              Type           Power        Failure   Level
a - Corona                Hex            ######.      1%          1
b - Slow                  Hex            ######..     1%          2
c - Portal Projectile     Hex/Tloc       ######       1%          3
d - Inner Flame           Hex/Fire       ######..     1%          3
e - Cause Fear            Hex            ######....   1%          4
f - Leda's Liquefaction   Hex/Erth       ######....   2%          4

Your spell library contained the following spells:

 Spells                   Type           Power        Failure   Level


Dungeon Overview and Level Annotations

Branches:
Dungeon (10/15)            Temple (1/1) D:7            Lair (3/6) D:10
 Shoals (0/4) Lair:2          Orc (2/2) D:10            Elf (0/3) Orc:2
Ossuary (visited)
  Snake: Lair:2-4    Spider: Lair:2-4

Altars:
Ashenzari
Cheibriados
Dithmenos
Elyvilon
Fedhas
Gozag
Hepliaklqana
Kikubaaqudgha
Makhleb
Nemelex Xobeh
Okawaru
Qazlal
Ru
Sif Muna
Trog
Uskayaw
Vehumet
Wu Jian
Xom
Yredelemnul
Zin
The Shining One
Beogh

Shops:
D:4 =[(*   D:6 [   Orc:2 *(:[


Innate Abilities, Weirdness & Mutations

Your experience applies equally to all skills.
You have very sharp teeth.
Your uncanny sense of smell can sniff out nearby items.


Message History

The grasping roots constrict you!
You feel agile.
The +7 great sword of Action {freeze, rPois Dex+3} glows with a cold blue light!
b - the +7 great sword of Action (weapon)
{freeze, rPois Dex+3} You feel better.
* * * LOW HITPOINT WARNING * * *
The grasping roots constrict you!
You hit the shambling mangrove. You freeze the shambling mangrove.
You bite the shambling mangrove, but do no damage.
The shambling mangrove is heavily damaged.
The shambling mangrove hits you!
* * * LOW HITPOINT WARNING * * *
x2 The grasping roots constrict you!
You warp the flow of time around you!
You are no longer corroded.
Roots burst forth from the earth!
The grasping roots grab you!
* * * LOW HITPOINT WARNING * * *
The grasping roots constrict you.
You die...

......PP.(......
...$.PP.PP(....#
....PPP.?P.(...#
....P..?(P.(...#
....PPP.PPP(...#
.....PP>P......####
....$.(.P.....f..P#
.......S........P.#
..............@P###
...............##
...............###
..............#.P#
##.###...........#
####.<........###
#...........#
#P........#.#
###.......###


You could see a shambling mangrove and a water moccasin (wandering).

Vanquished Creatures
  Gastronok (Orc:1)
  Harold (D:7)
  2 hydras (Lair:2)
  An unseen horror (D:10)
  6 orc knights
  An orc sorcerer (D:10)
  An oklob plant (D:10)
  A cyclops (Orc:1)
  Joseph (D:7)
  4 cane toads
  Maggie (D:8)
  A wandering mushroom (Lair:3)
  A merfolk (Lair:2)
  2 hippogriffs
  3 shadows (D:9)
  12 yaks
  7 wargs
  A two-headed ogre zombie (D:10)
  5 water moccasins
  A floating eye (Lair:3)
  A hornet zombie (Ossuary)
  2 ice beasts
  2 porcupines (Lair:2)
  A sky beast (D:7)
  2 black bears
  28 orc warriors
  An eye of draining (D:8)
  11 ogres
  A phantom (D:5)
  2 centaurs
  5 wolves (Lair:2)
  3 big kobolds
  4 crocodiles
  Blork the orc (D:6)
  13 bullfrogs
  5 scorpions
  17 killer bees
  3 troll zombies (D:10)
  An electric eel (Lair:2)
  6 centaur zombies
  5 bullfrog zombies (Ossuary)
  2 hounds
  2 jellies
  9 orc priests
  A centaur skeleton (D:5)
  Jessica (D:3)
  An iguana (D:10)
  5 worker ants
  18 orc wizards
  2 killer bee zombies (Ossuary)
  4 ogre zombies (D:10)
  5 hound zombies
  3 hound skeletons
  13 mummies (Ossuary)
  A howler monkey zombie (Ossuary)
  7 worker ant zombies
  14 gnolls
  12 adders
  2 shadow imps
  2 white imps
  An ufetubus (D:5)
  An ooze (D:5)
  4 adder zombies (Ossuary)
  An adder skeleton (D:3)
  A worm (D:3)
  A dart slug (D:1)
  4 leopard geckos
  53 orcs
  A ball python (D:1)
  5 giant cockroaches
  3 goblins
  6 hobgoblins
  5 quokkas
  3 bats
  5 goblin skeletons (D:10)
  3 goblin zombies (D:10)
  3 hobgoblin zombies (D:10)
  A jackal skeleton (D:5)
  A jackal zombie (Ossuary)
  21 kobolds
  An orc skeleton (D:10)
  13 orc zombies (D:10)
  A quokka skeleton (D:9)
  2 rats
  A rat zombie (D:4)
412 creatures vanquished.

Vanquished Creatures (others)
  5 fungi
  23 plants
28 creatures vanquished.

Grand Total: 440 creatures vanquished

Notes
Turn   | Place    | Note
-------+----------+-------------------------------------------
     0 | D:1      | GeoCrane the Gnoll Arcane Marksman began the quest for the
                  | Orb.
     0 | D:1      | Reached XP level 1. HP: 17/17 MP: 4/4
   113 | D:1      | Reached XP level 2. HP: 22/23 MP: 5/5
   144 | D:1      | Learned a level 2 spell: Slow
  1060 | D:2      | Found a white marble altar of Elyvilon.
  1116 | D:2      | Reached XP level 3. HP: 28/28 MP: 7/7
  1309 | D:2      | Found a basalt altar of Yredelemnul.
  1571 | D:2      | Reached skill level 1 in Invocations
  1877 | D:3      | Reached skill level 1 in Short Blades
  1877 | D:3      | Reached skill level 1 in Long Blades
  1877 | D:3      | Reached skill level 1 in Axes
  1877 | D:3      | Reached skill level 1 in Maces & Flails
  1877 | D:3      | Reached skill level 1 in Polearms
  1877 | D:3      | Reached skill level 1 in Staves
  1877 | D:3      | Reached skill level 1 in Bows
  1877 | D:3      | Reached skill level 1 in Crossbows
  1877 | D:3      | Reached skill level 1 in Throwing
  1877 | D:3      | Reached skill level 1 in Armour
  1877 | D:3      | Reached skill level 1 in Stealth
  1877 | D:3      | Reached skill level 1 in Shields
  1877 | D:3      | Reached skill level 1 in Unarmed Combat
  1877 | D:3      | Reached skill level 1 in Evocations
  2073 | D:3      | Noticed Jessica
  2077 | D:3      | Killed Jessica
  2077 | D:3      | Reached XP level 4. HP: 34/34 MP: 4/8
  2261 | D:3      | Reached skill level 1 in Conjurations
  2261 | D:3      | Reached skill level 1 in Summonings
  2261 | D:3      | Reached skill level 1 in Necromancy
  2261 | D:3      | Reached skill level 1 in Translocations
  2261 | D:3      | Reached skill level 1 in Transmutations
  2261 | D:3      | Reached skill level 1 in Fire Magic
  2261 | D:3      | Reached skill level 1 in Ice Magic
  2261 | D:3      | Reached skill level 1 in Air Magic
  2261 | D:3      | Reached skill level 1 in Earth Magic
  2261 | D:3      | Reached skill level 1 in Poison Magic
  2582 | D:4      | Found Kiddat's General Store.
  2616 | D:4      | Found Ygott's Jewellery Boutique.
  2623 | D:4      | Found Paimn's Armour Shop.
  2646 | D:4      | Found a sand-covered staircase.
  2658 | Ossuary  | Entered an ossuary
  2677 | Ossuary  | Reached XP level 5. HP: 40/40 MP: 9/9
  2734 | Ossuary  | Reached XP level 6. HP: 46/47 MP: 10/10
  2885 | Ossuary  | Reached skill level 5 in Slings
  2885 | Ossuary  | Reached skill level 5 in Dodging
  3183 | Ossuary  | Reached XP level 7. HP: 48/52 MP: 12/12
  3911 | Ossuary  | Reached XP level 8. HP: 49/60 MP: 14/14
  4056 | D:4      | Learned a level 3 spell: Portal Projectile
  4651 | D:4      | Found a sacrificial altar of Ru.
  4681 | D:4      | Found Rebiuk's Weapon Shoppe.
  5273 | D:5      | Entered Level 5 of the Dungeon
  5382 | D:5      | Found a white marble altar of Elyvilon.
  5975 | D:5      | Learned a level 3 spell: Inner Flame
  6137 | D:6      | Noticed Blork the orc
  6254 | D:6      | Killed Blork the orc
  6254 | D:6      | Reached XP level 9. HP: 56/66 MP: 16/16
  6565 | D:6      | Found Obohip's Antique Armour Shoppe.
  6631 | D:6      | Reached skill level 5 in Spellcasting
  6886 | D:6      | Found a shimmering altar of Xom.
  6961 | D:6      | Found a bloodstained altar of Trog.
  7046 | D:7      | Noticed Joseph
  7063 | D:7      | Killed Joseph
  7063 | D:7      | Reached skill level 5 in Fighting
  7245 | D:7      | Got a fine great sword
  7246 | D:7      | Identified the +7 great sword of Action {freeze, rPois
                  | Dex+3} (You found it on level 7 of the Dungeon)
  7749 | D:7      | Found an iron altar of Okawaru.
  7752 | D:7      | Reached skill level 5 in Invocations
  7986 | D:7      | Found a staircase to the Ecumenical Temple.
  7992 | Temple   | Entered the Ecumenical Temple
  8272 | Temple   | Became a worshipper of Cheibriados the Contemplative
  8304 | D:7      | Found an opulent altar of Gozag.
  8352 | D:7      | Noticed Harold
  8366 | D:7      | Killed Harold
  8366 | D:7      | Reached skill level 5 in Short Blades
  8366 | D:7      | Reached skill level 5 in Long Blades
  8366 | D:7      | Reached skill level 5 in Axes
  8366 | D:7      | Reached skill level 5 in Maces & Flails
  8366 | D:7      | Reached skill level 5 in Polearms
  8366 | D:7      | Reached skill level 5 in Staves
  8366 | D:7      | Reached skill level 5 in Bows
  8366 | D:7      | Reached skill level 5 in Crossbows
  8366 | D:7      | Reached skill level 5 in Throwing
  8366 | D:7      | Reached skill level 5 in Armour
  8366 | D:7      | Reached skill level 5 in Stealth
  8366 | D:7      | Reached skill level 5 in Shields
  8366 | D:7      | Reached skill level 5 in Unarmed Combat
  8366 | D:7      | Reached skill level 5 in Evocations
  8366 | D:7      | Reached XP level 10. HP: 22/76 MP: 18/18
  8906 | D:8      | Learned a level 4 spell: Cause Fear
  9057 | D:8      | Noticed Maggie
  9064 | D:8      | Reached * piety under Cheibriados
  9072 | D:8      | Killed Maggie
 10292 | D:9      | Reached ** piety under Cheibriados
 10447 | D:9      | Found a shadowy altar of Dithmenos.
 10527 | D:9      | Found a shimmering blue altar of Sif Muna.
 10923 | D:10     | Entered Level 10 of the Dungeon
 10928 | D:10     | Reached XP level 11. HP: 83/83 MP: 20/20
 11510 | D:10     | Noticed an oklob plant
 11549 | D:10     | Reached skill level 5 in Conjurations
 11549 | D:10     | Reached skill level 5 in Summonings
 11549 | D:10     | Reached skill level 5 in Necromancy
 11549 | D:10     | Reached skill level 5 in Translocations
 11549 | D:10     | Reached skill level 5 in Transmutations
 11549 | D:10     | Reached skill level 5 in Fire Magic
 11549 | D:10     | Reached skill level 5 in Ice Magic
 11549 | D:10     | Reached skill level 5 in Air Magic
 11549 | D:10     | Reached skill level 5 in Earth Magic
 11549 | D:10     | Reached skill level 5 in Poison Magic
 11644 | D:10     | Found a staircase to the Lair.
 11688 | D:10     | Reached *** piety under Cheibriados
 11771 | D:10     | Killed an unseen horror
 11950 | D:10     | Found a staircase to the Orcish Mines.
 12231 | D:10     | Reached **** piety under Cheibriados
 13158 | D:10     | Killed an oklob plant
 13199 | D:10     | Learned a level 4 spell: Leda's Liquefaction
 13222 | Orc:1    | Entered Level 1 of the Orcish Mines
 13323 | Orc:1    | Noticed an orc sorcerer
 13519 | Lair:1   | Entered Level 1 of the Lair of Beasts
 14489 | Orc:1    | Paralysed by an orc sorcerer for 6 turns
 14503 | D:10     | Killed an orc sorcerer
 14671 | Orc:1    | Found a roughly hewn altar of Beogh.
 14822 | Orc:1    | Noticed Gastronok
 15190 | Orc:1    | Killed Gastronok
 15383 | Orc:1    | Reached XP level 12. HP: 91/91 MP: 23/23
 15574 | Orc:2    | Entered Level 2 of the Orcish Mines
 15574 | Orc:2    | Found a staircase to the Elven Halls.
 15660 | Orc:2    | Found a roughly hewn altar of Beogh.
 17159 | Orc:2    | Found Zaleoq's Armour Shop.
 17159 | Orc:2    | Found Qealal's Book Emporium.
 17317 | Orc:2    | Found a roughly hewn altar of Beogh.
 17329 | Orc:2    | Found Pakisech's Weapon Shop.
 17329 | Orc:2    | Found Suadek's Assorted Antiques.
 18890 | Lair:2   | Reached ***** piety under Cheibriados
 18997 | Lair:2   | Noticed a six-headed hydra
 19004 | Lair:2   | Killed a nine-headed hydra
 19326 | Lair:2   | Noticed an eight-headed hydra
 19335 | Lair:2   | Killed a nine-headed hydra
 19335 | Lair:2   | Reached XP level 13. HP: 19/98 MP: 15/25
 19778 | Lair:2   | Found a staircase to the Shoals.
 20441 | Lair:3   | Paralysed by a floating eye for 3 turns
 20646 | Lair:3   | Mangled by a shambling mangrove

Illustrated notes

Levels and vault maps discovered:
D:1:      tarquinn_simple_flora_water_f, layout_basic
D:2:      layout_basic, yredelemnul_altar_generic, elyvilon_altar_5,
          hangedman_feature_mirror
D:3:      layout_loops_cross, uniq_jessica
D:4:      layout_loops_corners, lemuel_round_altar, enter_ossuary_3,
          serial_shops, shop, shop, nicolae_shop_waterfront, nicolae_shop_trees,
          serial_rivers, chequers_serial_rivers_room_a,
          chequers_serial_rivers_small_a, chequers_serial_rivers_micro_b,
          chequers_serial_rivers_micro_d, chequers_serial_rivers_micro_d
D:5:      layout_loops_ring, basic_altar
D:6:      layout_cave_pools, tgw_xom, serial_shops, shop, skrybe_limestone_x,
          minmay_strange_pillars, trog_book, uniq_blork_the_orc
D:7:      layout_gridville, grunt_gozag_statues, minmay_temple_entry_hall,
          okawaru_trees_2, uniq_joseph, uniq_harold
D:8:      layout_loops_cross, uniq_maggie
D:9:      layout_basic, kennysheep_mini, grunt_dithmenos_smoke
D:10:     layout_loops_ring, dpeg_oklobed_lair, zombieorc2_lemuel,
          corexii_corridor_pit, grunt_ministairs_13
Temple:   regret_index_temple_generic_petals
Lair:1:   layout_cave_pods
Lair:2:   layout_gridlike, elwin_shoals_entry_rooms, wad_woods_river_02,
          serial_bayou_shore_b, grunt_megastairs_4
Lair:3:   regret_index_wax_grids, layout_cave_pods, disabler_island, uniq_sonja
Orc:1:    layout_caves, basic_altar, minmay_orc_keep, uniq_gastronok
Orc:2:    st_orc_town, layout_caves, basic_altar

Skill      XL: |  1  2  3  4  5  6  7  8  9 10 11 12 13 |
---------------+----------------------------------------+-----
Invocations    | 1 2 3 4 5 6 7 8 |  8.7
Short Blades   | 1 2 3 5 6 7 8 |  8.0
Long Blades    | 1 2 3 5 6 7 8 |  8.0
Axes           | 1 2 3 5 6 7 8 |  8.0
Maces & Flails | 1 2 3 5 6 7 8 |  8.0
Polearms       | 1 2 3 5 6 7 8 |  8.0
Staves         | 1 2 3 5 6 7 8 |  8.0
Bows           | 1 2 3 5 6 7 8 |  8.0
Crossbows      | 1 2 3 5 6 7 8 |  8.0
Throwing       | 1 2 3 5 6 7 8 |  8.0
Armour         | 1 2 3 5 6 7 8 |  8.0
Stealth        | 1 2 3 5 6 7 8 |  8.0
Shields        | 1 2 3 5 6 7 8 |  8.0
Unarmed Combat | 1 2 3 5 6 7 8 |  8.0
Evocations     | 1 2 3 5 6 7 8 |  8.0
Spellcasting   | 3 4 5 6 7 8 |  8.5
Conjurations   | 1 2 3 4 5 6 |  6.6
Summonings     | 1 2 3 4 5 6 |  6.6
Necromancy     | 1 2 3 4 5 6 |  6.6
Translocations | 1 2 3 4 5 6 |  6.6
Transmutations | 1 2 3 4 5 6 |  6.6
Fire Magic     | 1 2 3 4 5 6 |  6.6
Ice Magic      | 1 2 3 4 5 6 |  6.6
Air Magic      | 1 2 3 4 5 6 |  6.6
Earth Magic    | 1 2 3 4 5 6 |  6.6
Poison Magic   | 1 2 3 4 5 6 |  6.6
Fighting       | 3 4 5 6 7 8 |  8.4
Slings         | 5 6 7 8 9 |  9.2
Dodging        | 5 6 7 8 9 |  9.2
Hexes          | 6 7 8 |  8.7

Action                   |  1- 3 |  4- 6 |  7- 9 | 10-12 | 13-15 || total
-------------------------+-------+-------+-------+-------+-------++-------
Melee: Great sword       |       |       |    33 |   309 |    12 ||   354
       Bite              |       |       |     3 |    69 |     3 ||    75
 Fire: Hunting sling     |   111 |   130 |   423 |   398 |    45 ||  1107
Throw: Stone             |       |       |    11 |       |       ||    11
       Dart              |       |       |     3 |    12 |       ||    15
 Cast: Corona            |     3 |       |       |     1 |       ||     4
       Slow              |     5 |     2 |     4 |     5 |       ||    16
       Portal Projectile |       |       |     5 |       |       ||     5
       Cause Fear        |       |       |       |     5 |       ||     5
       Inner Flame       |       |       |       |     4 |       ||     4
       Leda's Liquefacti |       |       |       |     1 |       ||     1
Invok: Bend Time         |       |       |       |     4 |       ||     4
       Slouch            |       |       |       |     5 |       ||     5
       Temporal Distorti |       |       |       |     1 |     1 ||     2
Evoke: Wand              |       |       |       |       |     3 ||     3
  Use: Scroll            |     6 |     1 |     2 |     5 |       ||    14
       Potion            |       |     1 |       |       |     1 ||     2
 Stab: Sleeping          |       |       |     1 |     6 |     3 ||    10
       Distracted        |       |       |       |     1 |       ||     1
Armor: Robe              |     5 |     8 |    22 |       |       ||    35
       Ring mail         |       |       |    45 |   136 |     3 ||   184
Dodge: Dodged            |    23 |    36 |   153 |   545 |    11 ||   768
       Rpst.: Great sword |       |       |    15 |    99 |     2 ||   116

Table legend: (Time is in decaauts)
 A = Elapsed time spent in this place.
 B = Non-inter-level travel time spent in this place.
 C = Inter-level travel time spent in this place.
 D = Time resting spent in this place.
 E = Time spent auto-exploring this place.
 F = Levels seen in this place.
 G = Mean time per level.
                   A        B        C        D        E       F      G
               +--------+--------+--------+--------+--------+-----+--------+
         Total |  24278 |  23521 |    757 |   4855 |  14031 |  17 | 1428.1 |
       Dungeon |  13536 |  13136 |    400 |   2316 |   8601 |  10 | 1353.6 |
        Temple |    303 |    266 |     37 |      0 |    201 |   1 |  303.0 |
          Lair |   3948 |   3801 |    147 |    891 |   2420 |   3 | 1316.0 |
  Orcish Mines |   5112 |   4940 |    172 |   1044 |   2375 |   2 | 2556.0 |
       Ossuary |   1377 |   1377 |      0 |    602 |    433 |   1 | 1377.0 |
               +--------+--------+--------+--------+--------+-----+--------+

Top non-repeatable levels by time:
   Orc:2: 3671 daAuts
    D:10: 3391 daAuts
  Lair:2: 2411 daAuts
     D:9: 1665 daAuts
     D:7: 1639 daAuts
   Orc:1: 1440 daAuts
  Lair:1: 1424 daAuts
 Ossuary: 1377 daAuts
     D:4: 1373 daAuts
     D:8: 1215 daAuts
     D:6: 934 daAuts
     D:2: 883 daAuts
     D:1: 841 daAuts
     D:5: 813 daAuts
     D:3: 777 daAuts
